 Dungeon Crawl Stone Soup version 0.30-a0-696-g2367cd04db (webtiles) character file.

Game seed: 9501054922256712864

37 testman the Magician (level 3, -2/43 HPs)
             Began as a Djinni Wanderer on Jan 20, 2023.
             Slain by Sigmund
             ... wielding a +4 scythe of venom
              (3 damage)
             ... on level 2 of the Dungeon.
             The game lasted 00:04:27 (903 turns).

testman the Magician (Djinni Wanderer)               Turns: 903, Time: 00:04:28

Health: -2/43      AC:  6    Str: 12    XL:     3   Next: 62%
Gold:   10         EV: 10    Int: 18    God:
                   SH:  0    Dex:  8

rFire   + + +      SeeInvis .    a - +0 dagger
rCold   x . .      Faith    .    (no shield)
rNeg    . . .      Spirit   .    k - +1 ring mail {rF+}
rPois   ∞          Reflect  .    (no helmet)
rElec   .          Harm     .    (no cloak)
rCorr   .          Rampage  .    (no gloves)
Will    .....                    (boots unavailable) Stlth
                                 (no amulet)
HPRegen 0.27/turn                (no ring)
MPRegen 0.00/turn                (no ring)

@: berserking, flying, very quick
A: sickness immunity, fire resistance 2, cold vulnerability 1, float, innate
caster, HP casting, extra vitality 1
a: no special abilities


You were on level 2 of the Dungeon.
You visited 1 branch of the dungeon, and saw 2 of its levels.

You collected 10 gold pieces.

Inventory:

Hand Weapons
 a - a +0 dagger (weapon)
Missiles
 b - 9 poisoned darts
Armour
 d - a +0 robe
 k - a +1 ring mail of fire resistance (worn)
Scrolls
 f - a scroll of teleportation {unknown}
 g - a scroll of fear {unknown}
 h - a scroll of immolation {unknown}
 i - a scroll of identify {unknown}
 j - a scroll of fog {unknown}
Potions
 c - a potion of lignification


   Skills:
 + Level 2.3 Fighting
 - Level 1.5 Throwing
 - Level 1.0 Armour
 - Level 1.5 Stealth
 + Level 3.0 Spellcasting


You couldn't memorise any spells.
You knew the following spells:

 Your Spells              Type           Power      Damage    Failure   Level
a - Sandblast             Erth           26%        2d8       11%         1
b - Petrify               Tmut/Erth      13%        N/A       71%         4
c - Passwall              Tmut/Erth      10%        N/A       16%         2
d - Dazzling Flash        Conj/Hex       26%        N/A       32%         3
e - Slow                  Hex            52%        N/A       11%         1
f - Sting                 Tmut/Pois      52%        1d5       11%         1

Your spell library contained the following spells:

 Spells                   Type           Power      Damage    Failure   Level


Dungeon Overview and Level Annotations

Branches:
Dungeon (2/15)

Altars:

Annotations:
D:2 Sigmund


Innate Abilities, Weirdness & Mutations

You are immune to sickness and miasma.
You are immune to poison.
Your flesh is very heat resistant. (rF++)
You are vulnerable to cold. (rC-)
You float through the air rather than walking.
You learn spells naturally, not from books.
Your magical power is your life essence.
You have superior vitality. (+4 MHP)


Message History

Sigmund is heavily wounded.
Sigmund says, "You will soon forget everything."
Aiming: Sandblast (safe; 11% risk of failure)
Press: ? - help, Q - select action, (/) - cycle Shift-Dir - straight line, f/p - Sigmund
Aim: Sigmund, wielding a +4 scythe of venom and wearing a +0 robe (heavily wounded, slow, 80% to hit)
The blast of sand hits Sigmund but does no damage.
Sigmund is heavily wounded.
A frilled lizard comes into view.
The frilled lizard hisses angrily.
Sigmund mumbles some strange words.
Sigmund flickers and vanishes!
Deactivating autopickup; reactivate with Ctrl-A.
Aiming: Sandblast (safe; 11% risk of failure)
Press: ? - help, Q - select action, (/) - cycle Shift-Dir - straight line You closely miss the frilled lizard.
A giant cockroach comes into view.
The frilled lizard bites you but does no damage.
Aiming: Sandblast (safe; 11% risk of failure)
Press: ? - help, Q - select action, (/) - cycle Shift-Dir - straight line, f - frilled lizard
Aim: a frilled lizard (70% to hit)
The blast of sand hits the frilled lizard.
The frilled lizard is severely wounded.
Something hits you! The frilled lizard closely misses you.
Aiming: Sandblast (safe; 11% risk of failure)
Press: ? - help, Q - select action, (/) - cycle Shift-Dir - straight line, f - giant cockroach, p - frilled lizard
Aim: a giant cockroach (82% to hit)
The blast of sand hits the frilled lizard.
You kill the frilled lizard!
Something hits you!
* * * LOW HITPOINT WARNING * * *
The giant cockroach barely misses you.
It was a potion of berserk rage.
A red film seems to cover your vision as you go berserk!
You feel yourself moving faster!
You feel mighty! Something hits you.
* * * LOW HITPOINT WARNING * * *
The giant cockroach barely misses you.
You barely miss the giant cockroach.
The giant cockroach bites you but does no damage.
Something hits you.
You die...

#.. #.. # #...
#.# #... ....
###...#######
....
............##..#
..........{.@B..#
.......<....##..#
###...####### .#
#.. # #. #


You could see a giant cockroach.

Vanquished Creatures
  A dart slug (D:1)
  3 ball pythons (D:1)
  4 endoplasms (D:1)
  2 giant cockroaches (D:1)
  7 goblins (D:1)
  A hobgoblin (D:1)
  3 jackals (D:1)
  2 quokkas (D:1)
  3 frilled lizards
  2 kobolds (D:1)
  3 rats (D:1)
31 creatures vanquished.

Notes
Turn   | Place    | Note
-------+----------+-------------------------------------------
     0 | D:1      | testman the Djinni Wanderer began the quest for the Orb.
     0 | D:1      | testman set off with the following items: a +0 dagger, 9
                  | poisoned darts, a potion of lignification, a +0 robethe
                  | following spells memorised: Sandblast, Petrify, Passwall,
                  | Dazzling Flash, Slow.
     0 | D:1      | Reached XP level 1. HP: 17/17 MP: 0/0
   176 | D:1      | Reached XP level 2. HP: 10/22 MP: 0/0
   382 | D:1      | Reached XP level 3. HP: 23/28 MP: 0/0
   382 | D:1      | Learned a level 1 spell: Sting
   717 | D:1      | Reached skill level 3 in Spellcasting
   749 | D:1      | Found a faded altar of an unknown god.
   887 | D:2      | Noticed Sigmund
   902 | D:2      | HP: 1/43 [something (3)]
   903 | D:2      | Slain by Sigmund

Illustrated notes

Levels and vault maps discovered:
D:1:      amcnicky_arrival_feature_with_door, layout_basic,
          dilly_ecumenical_altar_fadedgnrine
D:2:      layout_loops_cross, minmay_tall_x, uniq_sigmund, uniq_jessica,
          uniq_natasha

Skill      XL: |  1  2  3 |
---------------+----------+-----
Fighting       | 2 |  2.3
Spellcasting   | 3 |  3.0
Throwing       | |  1.5
Armour         | |  1.0
Stealth        | |  1.5

Action                   || total
-------------------------++-------
Melee: Dagger            ||    19
 Cast: Sandblast         ||    39
       Slow              ||     2
  Use: Potion            ||     1
 Stab: Sleeping          ||     2
Armor: Robe              ||     9
       Ring mail         ||     2
Dodge: Dodged            ||    20

Table legend: (Time is in decaauts)
 A = Elapsed time spent in this place.
 B = Non-inter-level travel time spent in this place.
 C = Inter-level travel time spent in this place.
 D = Time resting spent in this place.
 E = Time spent auto-exploring this place.
 F = Levels seen in this place.
 G = Mean time per level.
                   A        B        C        D        E       F      G
               +--------+--------+--------+--------+--------+-----+--------+
         Total |    922 |    899 |     23 |     17 |    678 |   2 |  461.0 |
       Dungeon |    922 |    899 |     23 |     17 |    678 |   2 |  461.0 |
               +--------+--------+--------+--------+--------+-----+--------+

Top non-repeatable levels by time:
     D:1: 903 daAuts
     D:2: 18 daAuts
